 Dungeon Crawl Stone Soup version 0.31-a0-455-g1a7b003ef0 (webtiles) character file.

Game seed: 17679975362592053108

2156 motkuripsz the Destroyer (level 9, -5/48 HPs)
             Began as a Deep Elf Conjurer on Aug 3, 2023.
             Slain by a gnoll sergeant
             ... wielding a +0 glaive
              (22 damage)
             ... in a bailey.
             The game lasted 00:22:59 (7775 turns).

motkuripsz the Destroyer (Deep Elf Conjurer)        Turns: 7775, Time: 00:23:00

Health: -5/48      AC:  5    Str:  4    XL:     9   Next: 10%
Magic:  8/23       EV: 14    Int: 28    God:
Gold:   201        SH:  0    Dex: 13    Spells: 10/24 levels left

rFire   + . .        k - staff of conjuration
rCold   . . .        (no shield)
rNeg    . . .        a - +0 robe
rPois   .            m - +0 helmet
rElec   .            (no cloak)
rCorr   .            w - +0 pair of gloves
SInv    .            c - +0 pair of boots
Will    .....        (no amulet)
Stlth   ++           p - ring of protection from fire
HPRegen 0.28/turn    (no ring)
MPRegen 0.18/turn

%: no passive effects
@: no status effects
A: no striking features
a: no special abilities


You were in a bailey.
You visited 1 branch of the dungeon, and saw 7 of its levels.
You also visited: Bailey.

You collected 419 gold pieces.
You spent 218 gold pieces at shops.

Inventory:

Hand Weapons
 g - a +0 sling
 r - a +1 trident of venom
Missiles
 y - a throwing net
Armour
 a - a +0 robe (worn)
 c - a +0 pair of boots (worn)
 d - the +0 pair of gloves of Wetze {rF+ rC- Dex+3 Slay+3}
   (You bought it in a shop on level 4 of the Dungeon)

   Dex:       It affects your dexterity (+3).
   Slay:      It affects your accuracy & damage with ranged weapons and melee
   (+3).
   rF:        It protects you from fire.
   rC:        It makes you vulnerable to cold.
 m - a +0 helmet (worn)
 w - a +0 pair of gloves (worn)
Magical Staves
 k - a staff of conjuration (weapon)
Jewellery
 p - a ring of protection from fire (left hand)
Wands
 o - a wand of paralysis (4)
 x - a wand of polymorph (8)
Scrolls
 e - 3 scrolls of teleportation
 f - a scroll of enchant armour {unknown}
 i - 2 scrolls of vulnerability
 s - 4 scrolls of enchant weapon
 t - a scroll of amnesia
 v - a scroll of fear
Potions
 h - a potion of invisibility
 j - 4 potions of curing {unknown}
 l - a potion of mutation
 n - 4 potions of might
 q - a potion of enlightenment
 u - 2 potions of resistance
 z - 2 potions of heal wounds {unknown}


   Skills:
 - Level 2.0 Fighting
 + Level 6.9 Dodging
 - Level 3.0 Stealth
 + Level 8.0 Spellcasting
 + Level 9.9 Conjurations
 - Level 3.0 Hexes
 - Level 1.0 Translocations


You had 10 spell levels left.
You knew the following spells:

 Your Spells              Type           Power      Damage    Failure   Level
a - Searing Ray           Conj           100%       2d8       1%          2
b - Dazzling Flash        Conj/Hex       100%       N/A       1%          3
c - Fulminant Prism       Conj/Hex       32%        3d16      3%          4
d - Iskenderun's Mystic   Conj/Tloc      58%        2d12      4%          4
f - Magic Dart            Conj           100%       1d8       1%          1

Your spell library contained the following spells:

 Spells                   Type           Power      Damage    Failure   Level
 Mephitic Cloud           Conj/Pois/Air  44%        N/A       3%          3
 Tukima's Dance           Hex            28%        N/A       4%          3
 Portal Projectile        Hex/Tloc       44%        N/A       6%          3
 Call Imp                 Summ           22%        N/A       8%          2
 Olgreb's Toxic Radiance  Pois           11%        N/A       43%         4
 Discord                  Hex            14%        N/A       100%        8
 Ignition                 Fire           5%         3d4       100%        8


Dungeon Overview and Level Annotations

Branches:
Dungeon (7/15)             Bailey (1/1)
 Temple: D:4-7

Altars:
Gozag
Ru
Zin

Shops:
D:4 [

Annotations:
D:4 exclusion: downstairs


Message History

The searing ray hits the gnoll bouda!
The gnoll bouda is almost dead.
The gnoll bouda closely misses you.
The searing ray hits the gnoll bouda.
You kill the gnoll bouda!
You finish channelling your searing ray.
You start resting.
A gnoll sergeant comes into view. It is wielding a +0 glaive.
The gnoll sergeant shouts!
Casting: Searing Ray (safe; 1% risk of failure)
Confirm with . or Enter, or press ? or * to list all spells.
Aiming: Searing Ray (safe; 1% risk of failure)
Press: ? - help, Shift-Dir - straight line, f - gnoll sergeant
Aim: a gnoll sergeant, wielding a +0 glaive and wearing +0 ice dragon scales (87% to hit)
You feel a surge of power!
The searing ray hits the gnoll sergeant but does no damage. (Press . to maintain the ray.)
The searing ray hits the gnoll sergeant but does no damage.
The gnoll sergeant closely misses you.
The searing ray hits the gnoll sergeant.
The gnoll sergeant is lightly wounded.
You finish channelling your searing ray.
The gnoll sergeant hits you from afar with a +0 glaive!
Casting: Searing Ray (safe; 1% risk of failure)
Confirm with . or Enter, or press ? or * to list all spells.
Aiming: Searing Ray (safe; 1% risk of failure)
Press: ? - help, Shift-Dir - straight line, f/p - gnoll sergeant
Aim: a gnoll sergeant, wielding a +0 glaive and wearing +0 ice dragon scales (lightly wounded, 87% to hit)
You feel a surge of power!
The searing ray hits the gnoll sergeant!
The gnoll sergeant is moderately wounded. (Press . to maintain the ray.)
The gnoll sergeant hits you from afar with a +0 glaive!
The searing ray hits the gnoll sergeant.
The gnoll sergeant is heavily wounded.
The gnoll sergeant hits you from afar with a +0 glaive.
The searing ray hits the gnoll sergeant.
The gnoll sergeant is severely wounded.
The gnoll sergeant hits you from afar with a +0 glaive!!
You die...

.≈..# ♣.≈..#
♣..≈..#
...≈..#
...≈..#
♣♣...≈..#
#♣♣♣.......'
#@†g))...).'
#♣♣♣.......'
♣♣...≈..#
♣..≈..#
..≈..#
..≈..# .≈..#
.≈..#


You could see a gnoll sergeant.

Vanquished Creatures
  Eustachio (D:6)
  Edmund (D:6)
  2 ice beasts
  3 wolves (Bailey)
  A centaur (D:5)
  A phantom (D:5)
  3 gnoll sergeants
  A scorpion (D:6)
  A howler monkey (D:6)
  A gnoll bouda (Bailey)
  5 hounds
  2 jellies
  An orc priest (D:6)
  Ijyb (D:3)
  Terence (D:2)
  6 iguanas
  A sleepcap (D:5)
  Natasha (thrice) (D:2)
  An orc wizard (D:6)
  21 gnolls
  10 adders
  A white imp (D:6)
  2 ufetubi
  3 worms
  18 orcs
  8 bats
  9 endoplasms
  4 giant cockroaches
  8 hobgoblins
  9 jackals
  5 quokkas
  10 ball pythons
  A frilled lizard (D:2)
  17 goblins
  5 kobolds
  5 rats
  A fulminant prism (D:6)
173 creatures vanquished.

Vanquished Creatures (others)
  10 fulminant prisms
10 creatures vanquished.

Grand Total: 183 creatures vanquished

Notes
Turn   | Place    | Note
-------+----------+-------------------------------------------
     0 | D:1      | motkuripsz the Deep Elf Conjurer began the quest for the
                  | Orb.
     0 | D:1      | Reached XP level 1. HP: 10/10 MP: 6/6
   268 | D:1      | Reached XP level 2. HP: 15/15 MP: 5/8
   271 | D:1      | Learned a level 2 spell: Searing Ray
   299 | D:1      | Reached skill level 5 in Conjurations
   525 | D:1      | Found a faded altar of an unknown god.
   679 | D:1      | Reached XP level 3. HP: 19/19 MP: 5/9
  1017 | D:2      | Learned a level 3 spell: Dazzling Flash
  1355 | D:2      | Reached XP level 4. HP: 24/24 MP: 6/10
  1407 | D:2      | Noticed Natasha
  1410 | D:2      | Killed Natasha
  1503 | D:2      | Noticed Natasha
  1507 | D:2      | Killed Natasha
  1508 | D:2      | Reached skill level 1 in Fighting
  1728 | D:2      | Reached skill level 6 in Conjurations
  1989 | D:2      | Noticed Terence
  1999 | D:2      | Killed Terence
  2000 | D:2      | Reached skill level 1 in Hexes
  2000 | D:2      | Reached XP level 5. HP: 29/29 MP: 3/12
  2096 | D:2      | Noticed Natasha
  2102 | D:2      | Killed Natasha
  2152 | D:2      | Learned a level 4 spell: Fulminant Prism
  2533 | D:3      | Found a sacrificial altar of Ru.
  2588 | D:3      | Noticed Ijyb
  2600 | D:3      | Paralysed by Ijyb for 5 turns
  2605 | D:3      | Killed Ijyb
  3081 | D:3      | Noticed an ice beast
  3087 | D:3      | Killed an ice beast
  3088 | D:3      | Reached XP level 6. HP: 35/35 MP: 6/14
  3096 | D:3      | Learned a level 4 spell: Iskenderun's Mystic Blast
  3235 | D:3      | Found an opulent altar of Gozag.
  3658 | D:4      | Found a glowing silver altar of Zin.
  3901 | D:4      | Reached skill level 1 in Translocations
  3926 | D:4      | Reached skill level 5 in Spellcasting
  4123 | D:4      | Found Yhejoogh's Antique Armour Boutique.
  4130 | D:4      | Bought a pair of spiked gloves for 218 gold pieces
  4130 | D:4      | Identified the +0 pair of gloves of Wetze {rF+ rC- Dex+3
                  | Slay+3} (You bought it in a shop on level 4 of the Dungeon)
  4487 | D:5      | Entered Level 5 of the Dungeon
  4658 | D:5      | Reached skill level 7 in Conjurations
  4665 | D:5      | Reached XP level 7. HP: 40/40 MP: 11/17
  5412 | D:5      | Reached skill level 8 in Conjurations
  6104 | D:6      | Reached XP level 8. HP: 32/44 MP: 9/19
  6186 | D:6      | Reached skill level 5 in Dodging
  6933 | D:6      | Noticed Edmund
  6939 | D:6      | Killed Edmund
  6940 | D:6      | Reached skill level 9 in Conjurations
  6940 | D:6      | Noticed Eustachio
  7042 | D:6      | Killed Eustachio
  7349 | D:7      | Found a flagged portal.
  7366 | Bailey   | Entered a bailey
  7598 | Bailey   | Reached XP level 9. HP: 17/48 MP: 1/22
  7775 | Bailey   | Slain by a gnoll sergeant

Illustrated notes

Levels and vault maps discovered:
D:1:      ncdulo_lavacross, layout_rooms,
          hellmonk_ecumenical_altar_prayer_group, minmay_misc_feat_more_columns
D:2:      layout_basic, uniq_terence, uniq_natasha
D:3:      kennysheep_the_goblin_king, layout_loops_corners,
          mainiacjoe_overflow_chevrons, nicolae_ru_path_of_blood
D:4:      minmay_bubble_buster, layout_basic, kennysheep_mini_moat,
          serial_shops, nicolae_shop_crystal
D:5:      layout_loops_corners, serial_co_window_serial, co_window_corner_a,
          co_window_corner_a, co_window_paths_a, co_window_paths_a,
          co_window_corner_a, co_window_unsneaky_path_c, co_window_corner_ca,
          co_window_broadway_a, co_window_unsneaky_path_d, co_window_corner_cb
D:6:      layout_loops_ring, uniq_eustachio, uniq_edmund
D:7:      layout_loops_corners, okawaru_humans, mainiacjoe_overflow_alcove_1,
          minmay_temple_entry_large_hall, enter_bailey_4
Bailey:   bailey_polearm_gnolls_kennysheep, bailey

Skill      XL: |  1  2  3  4  5  6  7  8  9 |
---------------+----------------------------+-----
Conjurations   | 5 6 7 8 9 |  9.9
Dodging        | 3 4 6 |  6.9
Stealth        | 3 |  3.0
Fighting       | 1 2 |  2.0
Hexes          | 1 2 3 |  3.0
Spellcasting   | 4 5 6 7 8 |  8.0
Translocations | 1 |  1.0

Action                     |  1- 3 |  4- 6 |  7- 9 || total
---------------------------+-------+-------+-------++-------
  Melee: Staff             |       |     5 |    13 ||    18
   Fire: Sling             |    15 |     3 |       ||    18
   Cast: Magic Dart        |    55 |    89 |    86 ||   230
         Searing Ray       |     2 |    18 |    36 ||    56
         Fulminant Prism   |       |     1 |    10 ||    11
         Dazzling Flash    |       |       |     1 ||     1
         Iskenderun's Myst |       |       |     2 ||     2
  Evoke: Wand              |       |       |     4 ||     4
    Use: Scroll            |       |     5 |     5 ||    10
         Potion            |       |       |     1 ||     1
   Stab: Sleeping          |       |     1 |       ||     1
         Paralysed         |       |       |     8 ||     8
 Armour: Robe              |     3 |     2 |    14 ||    19
  Dodge: Dodged            |     8 |    10 |    60 ||    78

Table legend: (Time is in decaauts)
 A = Elapsed time spent in this place.
 B = Non-inter-level travel time spent in this place.
 C = Inter-level travel time spent in this place.
 D = Time resting spent in this place.
 E = Time spent auto-exploring this place.
 F = Levels seen in this place.
 G = Mean time per level.
                   A        B        C        D        E       F      G
               +--------+--------+--------+--------+--------+-----+--------+
         Total |   7796 |   7596 |    200 |    467 |   6076 |   8 |  974.5 |
       Dungeon |   7385 |   7185 |    200 |    206 |   6076 |   7 | 1055.0 |
        Bailey |    411 |    411 |      0 |    261 |      0 |   1 |  411.0 |
               +--------+--------+--------+--------+--------+-----+--------+

Top non-repeatable levels by time:
     D:5: 1622 daAuts
     D:2: 1264 daAuts
     D:3: 1221 daAuts
     D:6: 1179 daAuts
     D:4: 1112 daAuts
     D:1: 927 daAuts
  Bailey: 411 daAuts
     D:7: 57 daAuts
